 Dungeon Crawl Stone Soup version 0.29.0-13-gc9e81de378 (webtiles) character file.

Game seed: 17019455228825878399

94 PhineusFerb the Shield-Bearer (level 4, 0/44 HPs)
             Began as a Troll Fighter on Sept 7, 2022.
             Slain by a scorpion (2 damage)
             ... on level 5 of the Dungeon.
             The game lasted 00:06:09 (1081 turns).

PhineusFerb the Shield-Bearer (Troll Fighter)       Turns: 1081, Time: 00:06:09

Health: 0/44       AC:  4    Str: 25 (26) XL:     4   Next: 38%
Magic:  3/3        EV:  8    Int:  2 (4)  God:
Gold:   124        SH:  7    Dex:  8 (9)  Spells: 3/3 levels left

rFire   . . .      SeeInvis .   a - +0 war axe
rCold   . . .      Faith    .   c - +0 kite shield
rNeg    . . .      Spirit   .   b - +0 robe
rPois   .          Reflect  .   (helmet restricted)
rElec   .          Harm     .   (no cloak)
rCorr   .          Rampage  .   (gloves unavailable)
Will    .....                   (boots unavailable)
Stlth   +.........              (no amulet)
HPRegen 0.94/turn               (no ring)
MPRegen 0.08/turn               (no ring)

@: lethally poisoned (0 -> -1)
A: large, unfitting armour, claws 3, regeneration 1, shaggy fur 1, tough skin 1
a: no special abilities


You were on level 5 of the Dungeon.
You visited 1 branch of the dungeon, and saw 5 of its levels.

You collected 124 gold pieces.

Inventory:

Hand Weapons
 a - a +0 war axe (weapon)
Armour
 b - a +0 robe (worn)
 c - a +0 kite shield (worn)
Magical Staves
 e - a staff of poison
Wands
 d - a wand of acid (9)
Scrolls
 f - a scroll of identify


   Skills:
 + Level 2.8 Fighting
 + Level 2.7 Axes
 + Level 2.8 Dodging
 + Level 3.3 Shields


You had 3 spell levels left.
You didn't know any spells.
Your spell library contained the following spells:

 Spells                   Type           Power      Damage    Failure   Level
 Freeze                   Ice            0%         1d3       83%         1
 Frozen Ramparts          Ice            0%         1d1       99%         3
 Hailstorm                Conj/Ice       0%         3d3       100%        4


Dungeon Overview and Level Annotations

Branches:
Dungeon (5/15)
 Temple: D:4-7

Altars:

Shops:
D:1 *?!!


Innate Abilities, Weirdness & Mutations

You are too large for most types of armour.
You have claws for hands.
Your natural rate of healing is unusually fast.
You are covered in fur. (AC +1)
You have tough skin. (AC +1)


Message History

You closely miss the scorpion.
The scorpion is moderately wounded.
The scorpion stings you.
The scorpion stings you but does no damage.
You closely miss the scorpion.
The scorpion is moderately wounded.
The scorpion closely misses you. The scorpion stings you.
You are poisoned.
The scorpion poisons you!
You completely miss the scorpion.
The scorpion is moderately wounded.
You feel very sick. The scorpion closely misses you. The scorpion stings you.
You are more poisoned.
The scorpion poisons you!
You slash the scorpion!
The scorpion is almost dead.
You feel very sick. The scorpion stings you!
You barely miss the scorpion.
The scorpion is almost dead.
You feel very sick.
The scorpion stings you but does no damage. x2
You aren't carrying any potions.
You don't have any unidentified items.
You hit the scorpion but do no damage.
The scorpion is severely wounded.
You feel sick. The scorpion stings you.
* * * LOW HITPOINT WARNING * * *
The scorpion stings you!
* * * LOW HITPOINT WARNING * * *
You hit the scorpion.
The scorpion is almost dead.
You feel sick. The scorpion stings you.
* * * LOW HITPOINT WARNING * * *
The scorpion barely misses you.
You barely miss the scorpion.
The scorpion is almost dead.
You feel sick. The scorpion stings you.
You die...

#####
#...#
#...#
#<@.#
#s....#
...#.###
.....#.#
.......#.#
.......+.#
.......###
........


You could see a scorpion.

Vanquished Creatures
  A necrophage (D:4)
  An adder (D:2)
  A worm (D:3)
  3 bats (D:1)
  2 endoplasms
  A goblin (D:1)
  2 hobgoblins (D:1)
  4 jackals (D:2)
  A quokka (D:4)
  2 kobolds
  4 rats
22 creatures vanquished.

Notes
Turn   | Place    | Note
-------+----------+-------------------------------------------
     0 | D:1      | PhineusFerb the Troll Fighter began the quest for the Orb.
     0 | D:1      | Reached XP level 1. HP: 22/22 MP: 0/0
    12 | D:1      | Found Querchea's Distillery.
    12 | D:1      | Found Yvef's Distillery.
   426 | D:1      | Found Umeorriv's Magic Scroll Emporium.
   428 | D:1      | Found Vailaimm's General Store.
   436 | D:1      | Reached XP level 2. HP: 29/29 MP: 1/1
   495 | D:2      | Reached skill level 3 in Shields
   542 | D:3      | Reached XP level 3. HP: 36/36 MP: 2/2
  1030 | D:4      | Noticed a necrophage
  1041 | D:4      | Killed a necrophage
  1042 | D:4      | Reached XP level 4. HP: 19/44 MP: 3/3
  1069 | D:5      | Entered Level 5 of the Dungeon
  1069 | D:5      | Noticed a scorpion
  1080 | D:5      | HP: 2/44 [scorpion (2)]
  1081 | D:5      | Slain by a scorpion

Illustrated notes

Levels and vault maps discovered:
D:1:      dpeg_arrival_tiny_a, layout_basic,
          shapermc_ecumenical_altar_mp_ritualfount, serial_shops,
          nicolae_shop_stone, nicolae_shop_crystal, nicolae_diamond_shop,
          nicolae_shop_statue_plus
D:2:      layout_loops_ring, serial_aquarium, aquarium_bridge_square
          [aquarium_subvault_wall, aquarium_subvault_window,
          aquarium_subvault_balcony, aquarium_subvault_bridge],
          aquarium_window_1, aquarium_window_1, aquarium_view_2d,
          aquarium_view_2f, aquarium_balcony_5b, kennysheep_generic_room_16
D:3:      layout_loops_ring, nicolae_gozag_cash_rules_everything_around_me,
          lemuel_doored_altar, uniq_grinder, uniq_ijyb
D:4:      layout_basic, mainiacjoe_overflow_alcove_1, lemuel_temple_firewalk_b,
          gup_sewer_entry_pipe, reono_crystal_passage, minmay_close_crescents
D:5:      layout_basic, lemuel_zombie_altar_yredelemnul,
          chequers_temple_overflow_statue_of_worship, nrook_loot_triangle

Skill      XL: |  1  2 |
---------------+-------+-----
Shields        | 3 |  3.3
Axes           | 2 |  2.7
Fighting       | |  2.8
Dodging        | |  2.8

Action                   |  1- 3 |  4- 6 || total
-------------------------+-------+-------++-------
Melee: War axe           |    74 |    11 ||    85
  Use: Scroll            |     6 |       ||     6
       Potion            |     5 |     1 ||     6
Armor: Robe              |    42 |     3 ||    45
       Skin              |     1 |       ||     1
Dodge: Dodged            |    39 |     7 ||    46
Block: Kite shield       |    53 |       ||    53
